cohdb
Replays
Latest Replays
All Replays
Popular Replays
Top Player Replays
Match Explorer
How It Works
Community
CoH3 Stats
Reddit
Sign in to upload your games and track your stats! →
Sign in with Steam
Match 43024086
Unlisted
Match 43024086
Overview
Messages
Build Orders
End
Panzergrenadier Squad
Selects Armored Support Battlegroup
250 Light Carrier
250 Light Carrier
Construct Light Support Kompanie
Combat Half-tracks
Assault Grenadier Squad
Selects Superior Fire Drills
Construct Mechanized Kompanie
Assault Mechanized Group
Selects Salvage Kits
Marder III Tank Destroyer
Marder III Tank Destroyer
Vehicle Survival Package
Support Armor Elements
Selects Panzer Storm
Marder III Tank Destroyer
Emergency Repair Kits
Marder III Tank Destroyer
Marder III Tank Destroyer
254 Reconnaissance Tractor
Rapid Advance
Marder III Tank Destroyer
Sight RAnge
GASK3T
Frye
Turtleboy
MY:OATZ
NaRDo627
Diter Rams
Tharrats
0
0
Comments
sign in to comment!
No comments posted yet!